 Dungeon Crawl Stone Soup version 0.30.0-5-g1a98f26d00 (webtiles) character file.

Game seed: 10711635862742387227

36679 Jackthecabe the Unseen (level 13, -3/67 HPs)
             Began as a Felid Conjurer on May 12, 2023.
             Was a High Priest of Sif Muna.
             Slain by a harpy (12 damage)
             ... on level 1 of the Shoals on May 13, 2023.
             The game lasted 01:53:00 (41244 turns).

Jackthecabe the Unseen (Felid Conjurer)            Turns: 41244, Time: 01:53:01

Health: -3/67      AC:  3    Str:  6    XL:     13   Next: 54%
Magic:  15/23      EV: 23    Int: 25    God:    Sif Muna [*****.]
Gold:   2796       SH:  0    Dex: 14    Spells: 2/24 levels left
                                        Lives:  0   Deaths: 4

rFire   x . .        (weapon unavailable)
rCold   + + .        (shield unavailable)
rNeg    . . .        (body armour unavailable)
rPois   .            (helmet unavailable)
rElec   .            (cloak unavailable)
rCorr   .            (gloves unavailable)
SInv    +            (boots unavailable)
Will    +++..        J - amulet of Vitality {RegenMP++ Regen++}
Stlth   ++++++       C - ring of protection from cold
HPRegen 1.91/turn    K - ring of Irphoari {rF- Will++ Str+3 SInv}
MPRegen 0.98/turn

%: no passive effects
@: marked, quick
A: very small, claws 1, fangs 3, see invisible, speed 1, shaggy fur 3, stealthy
paws, no weapons or thrown items, no armour, multi-lived
a: Renounce Religion, Channel Magic, Forget Spell, Divine Exegesis


You were on level 1 of the Shoals.
You worshipped Sif Muna.
Sif Muna was extremely pleased with you.
You visited 5 branches of the dungeon, and saw 24 of its levels.

You collected 3648 gold pieces.
You spent 852 gold pieces at shops.


Innate Abilities, Weirdness & Mutations

You have sharp claws.
You have razor-sharp teeth.
You have supernaturally acute eyesight. (SInv)
You cover ground quickly. (Speed+)
Your thick and shaggy fur keeps you warm. (AC +3, rC+)
Your paws help you pounce on unaware monsters.
You are incapable of wielding weapons or throwing items.
You cannot wear armour.
You gain extra lives every three experience levels.


   Skills:
 - Level 14.0 Fighting
 - Level 12.0 Dodging
 - Level 16.0 Stealth
 - Level 6.0 Spellcasting
 - Level 10.0 Conjurations
 - Level 5.0 Translocations
 + Level 7.4 Transmutations
 - Level 10.0 Fire Magic
 + Level 6.1 Air Magic
 - Level 2.0 Earth Magic
 - Level 6.0 Invocations
 - Level 4.0 Evocations


You had 2 spell levels left.
You knew the following spells:

 Your Spells              Type           Power      Damage    Failure   Level
f - Fireball              Conj/Fire      27%        3d12      3%          5
m - Magic Dart            Conj           100%       1d8       1%          1
o - Storm Form            Tmut/Air       20%        N/A       98%         7
s - Searing Ray           Conj           100%       2d8       1%          2
w - Stone Arrow           Conj/Erth      74%        3d11      1%          3
X - Iskenderun's Mystic   Conj/Tloc      45%        2d10      3%          4

Your spell library contained the following spells:

 Spells                   Type           Power      Damage    Failure   Level
 Apportation              Tloc           64%        N/A       1%          1
 Beastly Appendage        Tmut           88%        N/A       1%          1
 Foxfire                  Conj/Fire      100%       2x1d9     1%          1
 Shock                    Conj/Air       100%       1d9       1%          1
 Blink                    Tloc           64%        N/A       1%          2
 Momentum Strike          Conj/Tloc      90%        3d10      1%          2
 Passwall                 Tmut/Erth      25%        N/A       1%          2
 Scorch                   Fire           100%       2d9       1%          2
 Static Discharge         Conj/Air       94%        2-6/arc   1%          2
 Sandblast                Erth           34%        2d9       3%          1
 Necrotise                Necr           28%        1d5       8%          1
 Summon Small Mammal      Summ           28%        N/A       8%          1
 Sublimation of Blood     Necr           7%         N/A       11%         2
 Swiftness                Air            38%        N/A       1%          3
 Volatile Blastmotes      Fire/Tloc      90%        2d17      1%          3
 Flame Wave               Conj/Fire      55%        2d13      1%          4
 Sticky Flame             Conj/Fire      55%        2d7       1%          4
 Dazzling Flash           Conj/Hex       64%        N/A       2%          3
 Hailstorm                Conj/Ice       32%        3d8       2%          3
 Inner Flame              Hex/Fire       32%        N/A       2%          3
 Mephitic Cloud           Conj/Pois/Air  34%        N/A       2%          3
 Airstrike                Air            19%        2d(3-19)  6%          4
 Irradiate                Conj/Tmut      25%        3d20      6%          5
 Fulminant Prism          Conj/Hex       16%        3d11      10%         4
 Manifold Assault         Tloc           32%        N/A       10%         4
 Petrify                  Tmut/Erth      31%        N/A       11%         4
 Starburst                Conj/Fire      27%        6d9       19%         6
 Call Canine Familiar     Summ           7%         N/A       22%         3
 Summon Guardian Golem    Hex/Summ       7%         N/A       22%         3
 Summon Lightning Spire   Summ/Air       22%        N/A       22%         4
 Conjure Ball Lightning   Conj/Air       23%        3x3d6     38%         6
 Plasma Beam              Fire/Air       23%        2x1d39    38%         6
 Yara's Violent Unravell  Hex/Tmut       13%        3d7       41%         5
 Anguish                  Hex/Necr       3%         N/A       58%         4
 Cause Fear               Hex            3%         N/A       58%         4
 Olgreb's Toxic Radiance  Pois           7%         N/A       58%         4
 Summon Ice Beast         Ice/Summ       7%         N/A       58%         4
 Dragon Form              Tmut           22%        N/A       97%         7
 Summon Cactus Giant      Summ           3%         N/A       100%        6
 Enfeeble                 Hex            3%         N/A       100%        7
 Discord                  Hex            3%         N/A       100%        8
 Disjunction              Tloc           16%        N/A       100%        8
 Ignition                 Fire           27%        3d9       100%        8
 Chain Lightning          Conj/Air       23%        3d31      100%        9
 Dragon's Call            Summ           3%         N/A       100%        9

Inventory:

Jewellery
 c - a ring of ice
 y - a ring of ice
 C - a ring of protection from cold (left paw)
 J - the amulet of Vitality (around neck) {RegenMP++ Regen++}
   (You found it on level 4 of the Lair of Beasts)

   [amulet of magic regeneration]

   It increases your rate of magic regeneration.
   Regen:     It increases your rate of health regeneration.
 K - the ring of Irphoari (right paw) {rF- Will++ Str+3 SInv}
   (You found it on level 5 of the Lair of Beasts)

   [ring of see invisible]

   Str:       It affects your strength (+3).
   rF:        It makes you vulnerable to fire.
   SInv:      It lets you see invisible.
   Will:      It greatly increases your willpower.
 L - a ring of flight
 P - a ring of poison resistance
 R - a ring of resist corrosion
 S - a +6 ring of strength
Wands
 d - a wand of polymorph (16)
 h - a wand of mindburst (3)
 A - a wand of flame (12)
 E - a wand of light (13)
 G - a wand of roots (1)
 H - a wand of charming (9)
Scrolls
 b - 5 scrolls of teleportation {@r2}
 e - 5 scrolls of fear
 f - 2 scrolls of torment
 i - 7 scrolls of fog
 q - 2 scrolls of blinking
 r - 3 scrolls of poison
 s - 5 scrolls of amnesia
 v - 3 scrolls of magic mapping
 x - 3 scrolls of immolation
 D - 3 scrolls of vulnerability
Potions
 a - a potion of magic
 g - 5 potions of curing {@q1}
 k - 4 potions of attraction
 l - 3 potions of might
 m - 4 potions of haste {@q3}
 n - 2 potions of degeneration {unknown}
 o - 5 potions of flight
 p - 3 potions of brilliance {unknown}
 t - 3 potions of lignification
 w - 2 potions of ambrosia {unknown}
 z - a potion of resistance {unknown}
 B - 4 potions of invisibility
 F - 6 potions of mutation
Miscellaneous
 u - a lightning rod (4/4)
 I - a phial of floods

Dungeon Overview and Level Annotations

Branches:
Dungeon (15/15)            Temple (0/1) D:6            Lair (5/5) D:11
 Shoals (1/4) Lair:2       Spider (1/4) Lair:3        Slime (0/5) Lair:4
    Orc (2/2) D:12            Elf (0/3) Orc:2        Vaults (0/5) D:13
 Depths (0/4) D:15

Altars:
Elyvilon
Fedhas
Gozag
Kikubaaqudgha
Makhleb
Nemelex Xobeh
Ru
Sif Muna
Uskayaw
Jiyva

Shops:
D:1 :[=   D:4 [   D:13 =   Orc:1 [   Orc:2 =[([   Shoals:1 [

Annotations:
D:3 Grinder
D:10 Snorg
D:11 Harold
Lair:5 2 runed translucent doors

....~~~..#
...........~~)<.▒
.......H...~~(m.▒
......8....m~~~.#
......>...Sm)~~~~
....8.∩H8...~~~≈..
..................†
......8HHH..........
.......@...........~~
....~~~........
...~~m.........
..~~~~......#..
.~~~~~......# .
~~~~~~~.....#
~~≈≈≈≈~~...^#
~~≈≈≈≈≈~~....


You could see a sea snake, a merfolk, a merfolk siren, 2 water nymphs and 5
harpies.


Message History

The water nymph flows with the water.
You hear a shout! x6; You hear an angry hiss.
You hear a shout!
You hear an angry squeal. x4; You hear an angry hiss.
You hear a screech! x2
You hear a shout!
You hear a screech! x2; You hear a shout! x2
You hear an angry hiss.
You hear a shout! x2
Casting: Stone Arrow (safe; 1% risk of failure)
Confirm with . or Enter, or press ? or * to list all spells.
Aiming: Fireball (dangerous; 3% risk of failure)
Press: ? - help, Shift-Dir - straight line The fireball explodes!
The fireball engulfs the harpy!
The harpy is moderately wounded.
The fireball engulfs the harpy!!
The harpy is severely wounded.
The harpy misses you. The harpy claws you!
* * * LOW HITPOINT WARNING * * *
Unknown command.
Casting: Fireball (dangerous; 3% risk of failure)
Confirm with . or Enter, or press ? or * to list all spells.
Aiming: Fireball (dangerous; 3% risk of failure)
Press: ? - help, Shift-Dir - straight line The fireball explodes!
The fireball engulfs the harpy!
The harpy is severely wounded.
The fireball engulfs the harpy!!
The harpy is heavily wounded.
The fireball engulfs the harpy!
The harpy is almost dead.
The fireball engulfs the harpy!
The harpy is moderately wounded.
The harpy completely misses you. The harpy claws you!
You die...

Skill      XL: |  1  2  3  4  5  6  7  8  9 10 11 12 13 14 |
---------------+-------------------------------------------+-----
Stealth        | 3 4 5 6 7 9 10 13 15 16 | 16.0
Conjurations   | 4 5 6 7 8 10 | 10.0
Invocations    | 1 2 3 5 6 |  6.0
Translocations | 5 |  5.0
Fighting       | 5 9 10 12 14 | 14.0
Spellcasting   | 4 6 |  6.0
Earth Magic    | 2 |  2.0
Dodging        | 6 10 12 | 12.0
Transmutations | 4 7 6 |  7.4
Air Magic      | 3 6 5 |  6.1
Evocations     | 4 3 |  4.0
Fire Magic     | 6 7 9 10 | 10.0

Action                     |  1- 3 |  4- 6 |  7- 9 | 10-12 | 13-15 || total
---------------------------+-------+-------+-------+-------+-------++-------
  Melee: Unarmed           |    27 |       |     1 |    83 |    19 ||   130
         Bite              |     2 |       |       |    15 |     2 ||    19
         Punch             |       |       |       |     1 |       ||     1
   Cast: Magic Dart        |    74 |    75 |   138 |   101 |    19 ||   407
         Searing Ray       |     1 |    15 |    64 |    13 |       ||    93
         Iskenderun's Myst |       |       |     4 |    13 |       ||    17
         Stone Arrow       |       |       |       |   802 |   570 ||  1372
         Fireball          |       |       |       |    18 |   104 ||   122
 Invoke: Channel Magic     |       |       |       |     4 |       ||     4
  Evoke: Wand              |       |       |       |    20 |     6 ||    26
         Lightning rod     |       |       |       |     1 |       ||     1
    Use: Potion            |       |     2 |     3 |     8 |     2 ||    15
         Scroll            |       |       |     7 |    14 |     7 ||    28
   Stab: Invisible         |       |       |       |     1 |       ||     1
         Sleeping          |       |       |       |       |     3 ||     3
 Armour: Skin              |     2 |     1 |     6 |    32 |    15 ||    56
  Dodge: Dodged            |    41 |    15 |    91 |   632 |   326 ||  1105

Levels and vault maps discovered:
D:1:      amcnicky_arrival_underground_garden, layout_loops_ring, serial_shops,
          shop, shop, shop, shapermc_ecumenical_altar_starsandcircs
D:2:      layout_basic, basic_altar
D:3:      layout_loops_ring, uniq_grinder
D:4:      layout_layer_cave, lemuel_tele_altar, nicolae_shop_dragon_depot,
          minmay_quantized
D:5:      layout_basic, nicolae_overflow_crystal_walls,
          nemelex_spade_bored_becter, nicolae_overflow_hidden_temple,
          nicolae_shop_clearance, uniq_duvessa
D:6:      cheibrodos_two_vegetables, layout_loops_ring, nicolae_ru_awakened_eye,
          minmay_temple_entry_statues_fountains, grunt_ministairs_2
D:7:      layout_loops_ring, uniq_menkaure
D:8:      gammafunk_steamed_eel, layout_rooms, uniq_pikel
D:9:      layout_gridville, minmay_misc_feat_nine_boxes,
          kennysheep_generic_room_10
D:10:     layout_small_grid, marbit_many_paths, uniq_snorg
D:11:     minmay_goldmine, layout_long_grid, lair_entry_dummy, uniq_harold
D:12:     layout_rooms, orc_0_dummy, minmay_lizard_king
D:13:     minmay_weird_star, layout_basic, ximxim_vaults_locker_room,
          hellmonk_ghost_happy_afterlife, serial_shops,
          nicolae_shop_tiny_real_fake_doors, elyvilon_altar_5
D:14:     lemuel_ogre_cave, layout_rooms, hangedman_abyss_or_decor_lesser_grid
D:15:     grunt_enter_depths_snipers, layout_long_grid, nicolae_uskayaw_suspiria
Lair:1:   layout_chaotic_city
Lair:2:   layout_chaotic_city, nicolae_shoals_entry_roost, grunt_megastairs_3,
          lemuel_fruit_fields, uniq_gastronok
Lair:3:   layout_gridlike, dummy_spider_entry, uniq_nessos
Lair:4:   layout_roguey, slime_entry_1
Lair:5:   cheibrodos_lair_end_hotspot, layout_misc_corridors
Shoals:1: layout_shoals, serial_shops, nicolae_shop_statue_plus, shop, shop,
          nicolae_shoals_sun_and_surf, uniq_kirke
Spider:1: layout_chambers, hangedman_spider_tarantella_strand
Orc:1:    layout_diamond_mine, serial_shops, nicolae_shop_tiny_glass,
          nicolae_orc_rockfall
Orc:2:    grunt_orc_community_town_hall, layout_caves,
          grunt_orc_community_big_house_1, grunt_orc_community_big_house_2,
          grunt_orc_community_house_2, grunt_orc_community_house_1,
          grunt_orc_community_house_3, grunt_orc_community_house_2,
          grunt_orc_community_house_2

Notes
Turn   | Place    | Note
-------+----------+-------------------------------------------
     0 | D:1      | Jackthecabe the Felid Conjurer began the quest for the Orb.
     0 | D:1      | Reached XP level 1. HP: 7/7 MP: 4/4
    77 | D:1      | Found Jipluh's Jewellery Boutique.
   146 | D:1      | Found Cunuli's Antique Armour Shoppe.
   226 | D:1      | Reached skill level 3 in Stealth
   312 | D:1      | Found a faded altar of an unknown god.
   318 | D:1      | Found Imygo's Book Shop.
   353 | D:1      | Reached XP level 2. HP: 11/11 MP: 4/6
   541 | D:1      | Reached skill level 4 in Conjurations
   626 | D:1      | Learned a level 2 spell: Searing Ray
  1158 | D:2      | Reached XP level 3. HP: 14/14 MP: 4/7
  1260 | D:2      | Found a shimmering blue altar of Sif Muna.
  1266 | D:2      | Became a worshipper of Sif Muna the Loreminder
  1869 | D:3      | Reached skill level 4 in Stealth
  1922 | D:3      | Reached XP level 4. HP: 18/18 MP: 3/8
  2255 | D:3      | Noticed Grinder
  2834 | D:4      | Found Beowulf's Dragon-Slaying Spoils.
  2887 | D:4      | Noticed a black bear
  2891 | D:4      | Killed a black bear
  2892 | D:4      | Reached skill level 5 in Conjurations
  2892 | D:4      | Reached skill level 1 in Invocations
  2892 | D:4      | Reached XP level 5. HP: 21/21 MP: 3/9
  3308 | D:4      | Reached skill level 5 in Stealth
  3341 | D:4      | Reached * piety under Sif Muna
  3446 | D:4      | HP: 2/21 [scorpion (6)]
  3449 | D:4      | Gained mutation: You are covered in thick fur. (AC +2)
                  | [Felid growth]
  3449 | D:4      | Reached XP level 6. HP: 22/24 MP: 7/10
  3502 | D:4      | Found an ancient bone altar of Kikubaaqudgha.
  3515 | D:4      | Reached skill level 2 in Invocations
  4245 | D:5      | Entered Level 5 of the Dungeon
  4260 | D:5      | Learned a level 4 spell: Iskenderun's Mystic Blast
  4350 | D:5      | Found a burning altar of Makhleb.
  4415 | D:5      | Reached skill level 6 in Conjurations
  4598 | D:5      | Reached skill level 6 in Stealth
  4598 | D:5      | Reached XP level 7. HP: 27/27 MP: 4/11
  4662 | D:5      | Noticed Duvessa
  4715 | D:5      | Killed Duvessa
  4716 | D:5      | Reached skill level 3 in Invocations
  4822 | D:5      | Noticed Dowan
  4832 | D:5      | Killed Dowan
  5366 | D:5      | Found a sparkling altar of Nemelex Xobeh.
  5414 | D:5      | Found Repsu's CLEARANCE SALE!.
  5423 | D:5      | Bought a scroll of identify for 8 gold pieces
  5423 | D:5      | Bought a potion of lignification for 12 gold pieces
  5423 | D:5      | Bought a potion of curing for 12 gold pieces
  5423 | D:5      | Bought a lightning rod (4/4) for 120 gold pieces
  5473 | D:5      | Found an opulent altar of Gozag.
  5649 | D:6      | Found a sacrificial altar of Ru.
  5661 | D:6      | Reached skill level 7 in Stealth
  5661 | D:6      | Reached skill level 7 in Conjurations
  5961 | D:6      | Reached XP level 8. HP: 31/31 MP: 2/12
  6096 | D:6      | Reached skill level 4 in Invocations
  6284 | D:6      | Found a staircase to the Ecumenical Temple.
  6558 | D:6      | HP: 2/31 [vampire mosquito (11)]
  6571 | D:6      | Reached skill level 8 in Stealth
  6581 | D:6      | Reached skill level 8 in Conjurations
  6584 | D:6      | Reached ** piety under Sif Muna
  6874 | D:6      | Reached skill level 5 in Invocations
  7010 | D:6      | Reached skill level 9 in Stealth
  7318 | D:6      | Reached XP level 9. HP: 34/34 MP: 0/14
  7445 | D:6      | Reached skill level 6 in Invocations
  7743 | D:7      | Reached skill level 10 in Stealth
  7862 | D:7      | Reached skill level 1 in Translocations
  8107 | D:7      | HP: 3/34 [water moccasin (6)]
  8111 | D:7      | Reached skill level 1 in Fighting
  8111 | D:7      | Reached skill level 2 in Translocations
  8245 | D:7      | Noticed Menkaure
  8250 | D:7      | Killed Menkaure
  8449 | D:7      | Reached skill level 2 in Fighting
  8449 | D:7      | Reached skill level 3 in Translocations
  8451 | D:7      | Reached skill level 3 in Spellcasting
  8604 | D:7      | Reached skill level 4 in Translocations
  8952 | D:7      | Reached skill level 3 in Fighting
  9205 | D:8      | Reached skill level 5 in Translocations
  9320 | D:8      | Reached *** piety under Sif Muna
  9321 | D:8      | Reached skill level 4 in Spellcasting
  9324 | D:8      | Reached skill level 4 in Fighting
  9463 | D:8      | Noticed Pikel
  9481 | D:8      | Killed Pikel
  9482 | D:8      | Reached skill level 5 in Fighting
  9565 | D:8      | Found a transporter.
  9670 | D:8      | Reached XP level 10. HP: 45/45 MP: 5/17
  9800 | D:8      | Reached skill level 6 in Fighting
 10347 | D:8      | Paralysed by a hornet for 3 turns
 10350 | D:8      | HP: 3/46 [hornet (16)]
 10595 | D:8      | Found a transporter.
 10636 | D:8      | Reached skill level 7 in Fighting
 11333 | D:1      | Bought a book of Geomancy for 252 gold pieces
 11337 | D:1      | Learned a level 3 spell: Stone Arrow
 11572 | D:9      | Reached skill level 1 in Earth Magic
 12553 | D:9      | Reached skill level 2 in Earth Magic
 12624 | D:9      | Reached skill level 8 in Fighting
 12932 | D:10     | Entered Level 10 of the Dungeon
 13220 | D:10     | Noticed a gargoyle
 13229 | D:10     | Killed a gargoyle
 13230 | D:10     | Reached skill level 3 in Dodging
 13384 | D:10     | Found a blossoming altar of Fedhas.
 13427 | D:10     | Reached skill level 4 in Dodging
 13655 | D:9      | Reached skill level 5 in Dodging
 13767 | D:10     | Reached skill level 9 in Fighting
 13954 | D:10     | Identified the +13 plate armour "Isudut" {Rampage rElec
                  | Dex+4}
 13961 | D:10     | Noticed Snorg
 14292 | D:10     | Reached skill level 6 in Dodging
 14397 | D:11     | Reached **** piety under Sif Muna
 14830 | D:11     | Reached XP level 11. HP: 23/53 MP: 4/18
 14892 | D:11     | Reached skill level 7 in Dodging
 15071 | D:11     | Found a staircase to the Lair.
 15877 | D:11     | Noticed a cyan ugly thing
 15881 | D:11     | Killed a cyan ugly thing
 15882 | D:11     | Reached skill level 10 in Fighting
 16049 | D:11     | Reached skill level 8 in Dodging
 16482 | D:11     | Reached skill level 9 in Dodging
 16532 | D:11     | Noticed Harold
 16931 | D:11     | Identified 2 scrolls of acquirement
 16932 | D:11     | Acquired a book of Fire
 16934 | D:11     | Acquired 870 gold pieces
 17142 | D:1      | Bought an Inescapable Atlas for 448 gold pieces
 17150 | D:1      | Learned a level 7 spell: Storm Form
 17387 | D:11     | Reached skill level 1 in Transmutations
 17533 | D:12     | Noticed a boulder beetle
 17659 | D:12     | Found a staircase to the Orcish Mines.
 17662 | D:12     | Noticed a deep elf pyromancer
 17686 | D:12     | Killed a deep elf pyromancer
 17687 | D:12     | Reached skill level 1 in Air Magic
 17756 | D:12     | Reached skill level 10 in Dodging
 17833 | D:12     | Reached skill level 2 in Transmutations
 18443 | Lair:1   | Entered Level 1 of the Lair of Beasts
 18453 | Lair:1   | Reached skill level 2 in Air Magic
 18879 | Lair:1   | Reached skill level 3 in Transmutations
 18879 | Lair:1   | Reached skill level 1 in Evocations
 19081 | Lair:1   | HP: 5/54 [poisoned by a black mamba]
 19086 | Lair:1   | HP: 3/54 [poisoned by a black mamba]
 19530 | Lair:1   | Reached skill level 3 in Air Magic
 19724 | Lair:1   | Reached skill level 4 in Transmutations
 19724 | Lair:1   | Reached skill level 2 in Evocations
 20620 | Lair:2   | Gained mutation: Your thick and shaggy fur keeps you warm.
                  | (AC +3, rC+) [Felid growth]
 20620 | Lair:2   | Reached XP level 12. HP: 58/58 MP: 3/19
 20795 | Lair:2   | Noticed a seven-headed hydra
 21021 | Lair:1   | Reached skill level 3 in Evocations
 21749 | Lair:2   | Killed a seven-headed hydra
 21750 | Lair:2   | Reached skill level 11 in Dodging
 21750 | Lair:2   | Reached skill level 11 in Stealth
 22099 | Lair:2   | Slain by a cane toad
 22100 | Lair:2   | Reached XP level 11. HP: -1/54 MP: 8/18
 22100 | Lair:2   | Found a staircase to the Shoals.
 22101 | Lair:2   | Killed a harpy
 22406 | Lair:2   | Reached skill level 4 in Evocations
 22675 | Lair:2   | Killed a harpy
 22676 | Lair:2   | Reached skill level 5 in Spellcasting
 22676 | Lair:2   | Reached skill level 1 in Fire Magic
 22702 | Lair:2   | Killed a harpy
 22703 | Lair:2   | Noticed an eight-headed hydra
 22842 | Lair:2   | Identified a scarf of resistance
 22850 | Lair:2   | Killed an eight-headed hydra
 22921 | Lair:2   | Reached skill level 2 in Fire Magic
 23500 | Lair:2   | Reached ***** piety under Sif Muna
 23830 | Lair:2   | Noticed Gastronok
 24363 | Lair:2   | Killed Gastronok
 24364 | Lair:2   | Reached skill level 12 in Stealth
 24364 | Lair:2   | Reached skill level 6 in Spellcasting
 24364 | Lair:2   | Reached skill level 3 in Fire Magic
 24370 | Lair:2   | Learned a level 5 spell: Fireball
 24620 | Lair:3   | Reached XP level 12. HP: 10/58 MP: 2/22
 24622 | Lair:3   | Reached skill level 12 in Dodging
 24862 | Lair:3   | Reached skill level 4 in Fire Magic
 25128 | Lair:3   | Received a gift from Sif Muna
 25129 | Lair:3   | Got Sif Muna's Quarto of Blasted Oxidation {god gift}
 25503 | Lair:3   | Found a hole to the Spider Nest.
 25510 | Lair:3   | Noticed Nessos
 25520 | Lair:3   | Shot with an arrow by Nessos
 25521 | Lair:3   | Reached XP level 11. HP: -5/54 MP: 11/21
 25521 | Lair:3   | Noticed a death yak
 25521 | Lair:3   | Noticed a death yak
 25521 | Lair:3   | Noticed a death yak
 25521 | Lair:3   | Noticed a death yak
 25521 | Lair:3   | Noticed a death yak
 25521 | Lair:3   | Noticed a death yak
 25524 | Lair:3   | Killed Nessos
 25783 | Lair:3   | Noticed a boulder beetle
 25794 | Lair:2   | Reached skill level 5 in Fire Magic
 26339 | Lair:3   | Killed a boulder beetle
 26858 | Lair:3   | Reached skill level 13 in Stealth
 27218 | Lair:3   | Killed a death yak
 27404 | Lair:3   | Killed a death yak
 27405 | Lair:3   | Reached skill level 6 in Fire Magic
 28296 | Lair:1   | Killed a death yak
 28748 | Lair:4   | Noticed a boulder beetle
 28976 | Lair:4   | Reached XP level 12. HP: 53/59 MP: 4/22
 29000 | Lair:4   | Found a staircase to the Slime Pits.
 29000 | Lair:4   | Found a viscous altar of Jiyva.
 29072 | Lair:4   | HP: 5/59 [water moccasin (6)]
 29073 | Lair:4   | HP: 1/59 [water moccasin (9)]
 29078 | Lair:4   | HP: 5/59 [water moccasin (6)]
 29078 | Lair:4   | HP: 1/59 [bullfrog (4)]
 29471 | Lair:3   | Killed a death yak
 29472 | Lair:3   | Reached skill level 11 in Fighting
 29904 | Lair:4   | Reached skill level 14 in Stealth
 30113 | Lair:3   | Killed a death yak
 30225 | Lair:3   | Killed a death yak
 30781 | Lair:4   | Found the amulet of Vitality {RegenMP++ Regen++}
 31008 | Lair:4   | Killed a boulder beetle
 31184 | Lair:4   | Noticed a six-headed hydra
 31238 | Lair:4   | Killed a six-headed hydra
 31239 | Lair:4   | Reached skill level 15 in Stealth
 31635 | Lair:4   | Reached skill level 12 in Fighting
 31712 | Lair:5   | Entered Level 5 of the Lair of Beasts
 32071 | Lair:5   | Identified the ring of Irphoari {rF- Will++ Str+3 SInv}
 32346 | Lair:5   | Reached XP level 13. HP: 59/65 MP: 14/23
 32539 | Lair:5   | Reached skill level 16 in Stealth
 32816 | Lair:5   | Reached skill level 13 in Fighting
 32935 | Lair:5   | Found a large runed translucent door.
 32936 | Lair:5   | Found a large runed translucent door.
 32943 | Lair:5   | Noticed a fire dragon
 33488 | D:12     | HP: 2/66 [boulder beetle (20)]
 34502 | D:13     | Reached skill level 14 in Fighting
 34655 | D:13     | Received a gift from Sif Muna
 34660 | D:13     | HP: 3/67 [centaur warrior/arrow (19)]
 34660 | D:13     | Slain by a centaur
 34661 | D:13     | Reached XP level 12. HP: -1/64 MP: 16/22
 34690 | D:13     | Got Sif Muna's Textbook on Altered Fulmination {god gift}
 34691 | D:13     | Noticed an eight-headed hydra
 34797 | D:13     | Killed a six-headed hydra
 34868 | D:13     | Killed a centaur warrior
 34986 | D:13     | Reached skill level 7 in Fire Magic
 35046 | D:12     | Identified a +0 crystal plate armour
 35075 | D:12     | Killed an eight-headed hydra
 35220 | D:12     | Reached XP level 13. HP: 67/67 MP: 14/23
 35369 | D:13     | Found Zedukoe's Jewellery Boutique.
 35454 | D:13     | Found a runed translucent door.
 35454 | D:13     | Noticed Liimbo's ghost (journeyman FoWn)
 35496 | D:13     | Found a white marble altar of Elyvilon.
 35505 | D:13     | Reached skill level 9 in Conjurations
 35730 | D:13     | Identified the +5 tower shield of Daixkeng {rC+ rCorr
                  | Stlth+}
 35774 | D:13     | Found a gate to the Vaults.
 36101 | D:13     | Killed Liimbo's ghost
 36244 | Orc:1    | Entered Level 1 of the Orcish Mines
 36272 | Orc:1    | Found Usennoxy's Armour Boutique.
 36330 | Orc:1    | Received a gift from Sif Muna
 36343 | Orc:1    | Got Xugeuwko's Encyclopedia of Gaseous Chilblains {god
                  | gift}
 36998 | Orc:2    | Entered Level 2 of the Orcish Mines
 37031 | Orc:2    | Reached skill level 8 in Fire Magic
 37213 | Orc:2    | Noticed an orc warlord
 37551 | Orc:2    | Found a staircase to the Elven Halls.
 37593 | Orc:2    | Noticed an orc warlord
 37946 | Orc:2    | Received a gift from Sif Muna
 38025 | Orc:2    | HP: 3/67 [orc warlord/bolt (25)]
 38084 | Orc:2    | Killed an orc warlord
 38085 | Orc:2    | Reached skill level 10 in Conjurations
 38371 | Orc:2    | Found Ceycux's Jewellery Boutique.
 38495 | Orc:2    | Killed an orc warlord
 38520 | Orc:2    | Found Etaqiric's Armour Emporium.
 38593 | Orc:2    | Reached skill level 9 in Fire Magic
 38664 | Orc:2    | Found Yggaarph's Antique Armour Emporium.
 38666 | Orc:2    | Found Nozoamuu's Antique Weapon Shoppe.
 39148 | D:14     | Reached skill level 4 in Air Magic
 39205 | D:14     | Reached skill level 5 in Transmutations
 39243 | D:14     | Reached XP level 14. HP: 72/72 MP: 11/24
 39250 | D:14     | Received a gift from Sif Muna
 39583 | D:15     | Entered Level 15 of the Dungeon
 40048 | D:15     | Reached skill level 5 in Air Magic
 40050 | D:15     | Reached skill level 6 in Transmutations
 40132 | D:15     | Reached skill level 10 in Fire Magic
 40366 | D:15     | Found a hide-covered altar of Uskayaw.
 40779 | D:15     | Found a staircase to the Depths.
 40779 | D:15     | Noticed a frost giant
 40794 | D:15     | HP: 1/72 [tengu warrior/bolt (22)]
 40794 | D:15     | Killed from afar by a frost giant
 40795 | D:15     | Reached XP level 13. HP: -12/67 MP: 11/23
 40865 | D:15     | Killed a frost giant
 40866 | D:15     | Reached skill level 7 in Transmutations
 41082 | Spider:1 | Entered Level 1 of the Spider Nest
 41153 | Shoals:1 | Entered Level 1 of the Shoals
 41164 | Lair:2   | Reached skill level 6 in Air Magic
 41241 | Shoals:1 | Found Nafesuc's Antique Armour Shop.
 41244 | Shoals:1 | Slain by a harpy

Vanquished Creatures
  Gastronok (Lair:2)
  A frost giant (D:15)
  2 orc warlords (Orc:2)
  Nessos (Lair:3)
  7 hydras
  4 vault guards (D:13)
  The ghost of Liimbo the Fighter, a journeyman FoWn of Cheibriados (D:13)
  An ogre mage (D:14)
  A merfolk avatar (Shoals:1)
  8 centaur warriors
  9 two-headed ogres
  3 boulder beetles
  6 death yaks
  2 tengu warriors (D:15)
  A sea snake (Lair:2)
  A lindwurm (Lair:5)
  Pikel (D:8)
  3 harpies (Lair:2)
  6 orc knights
  2 deep elf pyromancers
  A faun (Shoals:1)
  An oklob plant (Lair:4)
  5 ugly things
  2 cyclopes
  2 orc sorcerers
  4 manticores
  A merfolk siren (Shoals:1)
  18 elephants
  9 black mambas
  A gargoyle (D:10)
  2 molten gargoyles (Lair:5)
  10 cane toads
  2 unseen horrors
  An efreet (D:15)
  A kobold demonologist (D:11)
  3 rime drakes (Lair:3)
  17 komodo dragons
  5 yaktaurs (D:15)
  13 trolls
  A hornet (D:8)
  8 blink frogs
  A tarantella (Spider:1)
  A culicivora (Spider:1)
  11 slime creatures
  7 wyverns
  4 wraiths
  A vampire (D:14)
  4 fire bats (Lair:3)
  9 basilisks
  11 yaks
  7 humans
  6 vampire mosquitoes
  Menkaure (D:7)
  2 acid dragons (D:9)
  4 wargs
  4 hell hounds (Lair:5)
  9 water moccasins
  Duvessa (D:5)
  3 ice beasts
  2 sky beasts
  33 orc warriors
  A black bear (D:4)
  4 boggarts (D:15)
  19 centaurs
  18 ogres
  19 wolves
  3 phantoms
  3 kobold brigands
  11 bullfrogs
  4 scorpions
  3 wights (D:8)
  Dowan (D:5)
  17 killer bees
  8 electric eels
  4 howler monkeys
  5 lava snakes (Lair:5)
  4 hounds
  A jelly (D:6)
  19 orc priests
  A sleepcap (D:6)
  5 iguanas
  32 orc wizards
  6 hell rats (Lair:4)
  9 adders
  3 gnolls (D:7)
  A shadow imp (D:5)
  A white imp (D:4)
  2 ufetubi
  A worm (D:3)
  3 dart slugs
  101 orcs
  4 endoplasms
  2 giant cockroaches
  4 goblins
  12 hobgoblins
  5 jackals
  3 quokkas
  8 ball pythons
  3 bats
  4 frilled lizards
  17 kobolds
  4 rats
664 creatures vanquished.

Vanquished Creatures (others)
  A vault guard (D:13)
1 creature vanquished.

Grand Total: 665 creatures vanquished

Table legend: (Time is in decaauts)
 A = Elapsed time spent in this place.
 B = Non-inter-level travel time spent in this place.
 C = Inter-level travel time spent in this place.
 D = Time resting spent in this place.
 E = Time spent auto-exploring this place.
 F = Levels seen in this place.
 G = Mean time per level.
                   A        B        C        D        E       F      G
               +--------+--------+--------+--------+--------+-----+--------+
         Total |  37298 |  35179 |   2119 |   7717 |  19962 |  24 | 1554.1 |
       Dungeon |  21665 |  20197 |   1468 |   3980 |  12557 |  15 | 1444.3 |
          Lair |  13396 |  12862 |    534 |   3393 |   6375 |   5 | 2679.2 |
        Shoals |     32 |     32 |      0 |      0 |      0 |   1 |   32.0 |
   Spider Nest |      5 |      5 |      0 |      0 |      0 |   1 |    5.0 |
  Orcish Mines |   2198 |   2084 |    114 |    343 |   1030 |   2 | 1099.0 |
               +--------+--------+--------+--------+--------+-----+--------+

Top non-repeatable levels by time:
  Lair:1: 3607 daAuts
  Lair:2: 3495 daAuts
  Lair:3: 3186 daAuts
    D:11: 2865 daAuts
     D:6: 2373 daAuts
  Lair:4: 1887 daAuts
    D:13: 1700 daAuts
     D:9: 1559 daAuts
    D:10: 1558 daAuts
    D:12: 1480 daAuts
     D:7: 1468 daAuts
     D:5: 1390 daAuts
     D:4: 1388 daAuts
     D:8: 1345 daAuts
  Lair:5: 1219 daAuts

Table legend:
 A = Non-vault XP
 B = Vault XP
 C = Vault XP percentage of total XP
 D = Non-vault monster count
 E = Vault monster count
 F = Vault count percentage of total count
                 A         B        C        D         E       F
            +---------+---------+-------+---------+---------+-------
      Total |   89438 |   39398 |  30.6 |     475 |     189 |  28.5
            +---------+---------+-------+---------+---------+-------
        D:1 |      38 |       0 |   0.0 |      21 |       0 |   0.0
        D:2 |      37 |       0 |   0.0 |      13 |       0 |   0.0
        D:3 |      54 |       0 |   0.0 |      13 |       0 |   0.0
        D:4 |     189 |     158 |  45.5 |      14 |       7 |  33.3
        D:5 |     497 |     214 |  30.1 |      12 |       2 |  14.3
        D:6 |    1270 |     799 |  38.6 |      20 |      14 |  41.2
        D:7 |    1180 |     169 |  12.5 |      24 |       1 |   4.0
        D:8 |    1421 |     719 |  33.6 |      23 |       3 |  11.5
        D:9 |    1460 |       0 |   0.0 |      13 |       0 |   0.0
       D:10 |    1801 |      63 |   3.4 |      14 |       1 |   6.7
       D:11 |    4817 |     396 |   7.6 |      29 |      11 |  27.5
       D:12 |    6202 |    1397 |  18.4 |      17 |      10 |  37.0
       D:13 |    8056 |    5327 |  39.8 |      28 |      10 |  26.3
       D:14 |    4378 |    7462 |  63.0 |      12 |      21 |  63.6
       D:15 |    8232 |    2937 |  26.3 |      22 |       3 |  12.0
     Lair:1 |    7228 |     523 |   6.7 |      27 |       2 |   6.9
     Lair:2 |    6101 |    3958 |  39.3 |      22 |       6 |  21.4
     Lair:3 |   12610 |    1005 |   7.4 |      33 |       1 |   2.9
     Lair:4 |    9244 |       0 |   0.0 |      28 |       0 |   0.0
     Lair:5 |    3719 |    7580 |  67.1 |      11 |      26 |  70.3
   Shoals:1 |    1838 |       0 |   0.0 |       3 |       0 |   0.0
   Spider:1 |     496 |       0 |   0.0 |       2 |       0 |   0.0
      Orc:1 |    5395 |     257 |   4.5 |      48 |       6 |  11.1
      Orc:2 |    3175 |    6434 |  67.0 |      26 |      65 |  71.4
            +---------+---------+-------+---------+---------+-------
